 Dungeon Crawl Stone Soup version 0.29-a0-418-gc0181ea820 (webtiles) character file.

Game seed: 15151064217904026837

157 GabrielManson the Vexing (level 5, -2/22 HPs)
             Began as a Spriggan Arcane Marksman on May 17, 2022.
             Slain by a black bear (4 damage)
             ... on level 3 of the Dungeon.
             The game lasted 00:12:09 (3486 turns).

GabrielManson the Vexing (Spriggan Arcane Marksman) Turns: 3486, Time: 00:12:10

Health: -2/22      AC:  2    Str:  6    XL:     5   Next: 15%
Magic:  20/20      EV: 33    Int: 14    God:
Gold:   104        SH:  0    Dex: 18    Spells: 3/11 levels left

rFire   . . .      SeeInvis +   a - +0 shortbow
rCold   . . .      Faith    .   (shield currently unavailable)
rNeg    . . .      Spirit   .   b - +0 robe
rPois   .          Reflect  .   (helmet restricted)
rElec   .          Harm     .   (no cloak)
rCorr   .          Rampage  .   (gloves unavailable)
Will    .....      Clarity  +   (boots unavailable)
Stlth   +++.......              i - amulet of the acrobat
HPRegen 0.07/turn               l - ring of magical power
MPRegen 0.17/turn               (no ring)

@: acrobatic, very quick
A: very small, no large weapons, unfitting armour, see invisible, speed 3,
clarity, frail 1, evolution 1
a: no special abilities


You were on level 3 of the Dungeon.
You visited 1 branch of the dungeon, and saw 3 of its levels.

You collected 104 gold pieces.

Inventory:

Hand Weapons
 a - a +0 shortbow (weapon)
Armour
 b - a +0 robe (worn)
Magical Staves
 p - a staff of fire
Jewellery
 i - an amulet of the acrobat (around neck)
 l - a ring of magical power (left hand)
Scrolls
 c - 2 scrolls of vulnerability
 d - 2 scrolls of silence {unknown}
 f - a scroll of teleportation {unknown}
 g - 2 scrolls of magic mapping {unknown}
 m - a scroll of poison {unknown}
 o - a scroll of identify {unknown}
Potions
 e - a potion of flight
 h - a potion of mutation
 j - a potion of heal wounds {unknown}
 k - a potion of might {unknown}
 n - a potion of lignification {unknown}


   Skills:
 - Level 0.7 Fighting
 + Level 3.3 Bows
 + Level 3.7 Dodging
 + Level 3.8 Stealth
 + Level 3.7 Spellcasting
 - Level 4.0 Hexes


You had 3 spell levels left.
You knew the following spells:

 Your Spells              Type           Power      Damage    Failure   Level
a - Slow                  Hex            52%        N/A       3%          1
b - Portal Projectile     Hex/Tloc       16%        N/A       26%         3
c - Cause Fear            Hex            6%         N/A       36%         4

Your spell library contained the following spells:

 Spells                   Type           Power      Damage    Failure   Level
 Inner Flame              Hex/Fire       8%         N/A       26%         3


Dungeon Overview and Level Annotations

Branches:
Dungeon (3/15)

Altars:

Shops:
D:2 !


Innate Abilities, Weirdness & Mutations

You are very small and have problems with some larger weapons.
You are too small for most types of armour.
You have supernaturally acute eyesight. (SInv)
You cover ground extremely quickly. (Speed+++)
You possess an exceptional clarity of mind.
You are frail. (-10% HP)
You have hidden genetic potential.


Message History

The goblin shoots a sling bullet.
The sling bullet misses you.
You shoot an arrow. The arrow hits the black bear!
The black bear is heavily wounded.
The goblin shoots a sling bullet.
The sling bullet hits you.
The goblin shoots a sling bullet.
The sling bullet completely misses you.
You shoot an arrow. The arrow hits the black bear.
The black bear is heavily wounded.
The goblin shoots a sling bullet.
The sling bullet misses you.
The goblin shoots a sling bullet.
The sling bullet misses you.
You shoot an arrow.
The arrow completely misses the black bear.
The goblin shoots a sling bullet.
The sling bullet misses you. The black bear closely misses you.
The black bear misses you. The black bear closely misses you.
The goblin shoots a sling bullet.
The sling bullet hits you.
You are too injured to fight recklessly!
The goblin shoots a sling bullet.
The sling bullet misses you.
You are too injured to fight recklessly!
You are too injured to fight recklessly!
Shoot: a) +0 shortbow
Press: ? - help, Shift-Dir - straight line, f/p - black bear
Aim: a black bear (heavily wounded, 69% to hit)
You shoot an arrow. The arrow hits the black bear!
The black bear is almost dead.
The black bear goes berserk!
The goblin shoots a sling bullet.
The sling bullet barely misses you.
Shoot: a) +0 shortbow
Press: ? - help, Shift-Dir - straight line, f/p - black bear
Aim: a black bear (severely wounded, berserk, 69% to hit)
You shoot an arrow.
The arrow closely misses the black bear.
The goblin shoots a sling bullet.
The sling bullet hits you. The black bear misses you.
The black bear claws you but does no damage.
The black bear completely misses you.
The goblin shoots a sling bullet.
The sling bullet misses you. The black bear completely misses you.
The black bear claws you!
* * * LOW HITPOINT WARNING * * *
The black bear claws you.
You die...

#.# ### #.## #... ###..#
#############..#
.....###.....#.......###
####.##.................
8###...†................
..###...................
....)..........h........
8#####...).....)@....##.
#####................#
......#..g..........##
.......[...........##
########..##.....### #
#...##.....#
..###...#..........
#.........##.##.##.
....#


You could see a black bear (berserk) and a goblin.

Vanquished Creatures
  An orc priest (D:3)
  Jessica (D:2)
  2 orc wizards (D:2)
  An adder (D:3)
  A dart slug (D:1)
  3 orcs
  2 endoplasms
  2 giant cockroaches (D:1)
  4 goblins
  4 hobgoblins
  7 jackals
  A kobold (D:1)
  2 ball pythons (D:1)
  3 bats
  3 rats (D:1)
37 creatures vanquished.

Notes
Turn   | Place    | Note
-------+----------+-------------------------------------------
     0 | D:1      | GabrielManson the Spriggan Arcane Marksman began the quest
                  | for the Orb.
     0 | D:1      | Reached XP level 1. HP: 9/9 MP: 3/3
    99 | D:1      | Reached skill level 1 in Stealth
   232 | D:1      | Reached XP level 2. HP: 14/14 MP: 5/5
   581 | D:1      | Found a faded altar of an unknown god.
   735 | D:1      | Reached skill level 4 in Hexes
  1632 | D:2      | Reached XP level 3. HP: 17/17 MP: 7/7
  1910 | D:2      | Found Lunlirec's Distillery.
  2008 | D:2      | Noticed Jessica
  2016 | D:2      | Killed Jessica
  2615 | D:2      | Reached XP level 4. HP: 15/21 MP: 10/10
  2703 | D:2      | Learned a level 3 spell: Portal Projectile
  3036 | D:2      | Gained mutation: You are frail. (-10% HP) [potion of
                  | mutation]
  3036 | D:2      | Gained mutation: You possess an exceptional clarity of
                  | mind. [potion of mutation]
  3036 | D:2      | Gained mutation: You have hidden genetic potential. [potion
                  | of mutation]
  3260 | D:2      | Learned a level 4 spell: Cause Fear
  3270 | D:3      | Reached XP level 5. HP: 13/22 MP: 11/11
  3437 | D:3      | Noticed a black bear
  3486 | D:3      | Slain by a black bear

Illustrated notes

Levels and vault maps discovered:
D:1:      psy_arrival_statuary, layout_basic,
          dilly_ecumenical_altar_fadedgnrine, minivault_24
D:2:      layout_basic, serial_shops, nicolae_shop_behind_doors, uniq_jessica
D:3:      layout_rooms, st_stairs_6, hangedman_abyss_or_decor_lesser_grid

Skill      XL: |  1  2  3  4 |
---------------+-------------+-----
Stealth        | 1 2 3 |  3.8
Dodging        | 3 |  3.7
Spellcasting   | 2 3 |  3.7
Hexes          | 4 |  4.0
Bows           | 3 |  3.3
Fighting       | |  0.7

Action                   |  1- 3 |  4- 6 || total
-------------------------+-------+-------++-------
Melee: Shortbow          |     2 |     5 ||     7
 Fire: Shortbow          |   117 |    38 ||   155
 Cast: Slow              |     6 |       ||     6
       Portal Projectile |       |     2 ||     2
  Use: Potion            |     2 |     3 ||     5
Armor: Robe              |     6 |     7 ||    13
Dodge: Dodged            |    52 |    33 ||    85

Table legend: (Time is in decaauts)
 A = Elapsed time spent in this place.
 B = Non-inter-level travel time spent in this place.
 C = Inter-level travel time spent in this place.
 D = Time resting spent in this place.
 E = Time spent auto-exploring this place.
 F = Levels seen in this place.
 G = Mean time per level.
                   A        B        C        D        E       F      G
               +--------+--------+--------+--------+--------+-----+--------+
         Total |   2824 |   2757 |     67 |   1320 |    969 |   3 |  941.3 |
       Dungeon |   2824 |   2757 |     67 |   1320 |    969 |   3 |  941.3 |
               +--------+--------+--------+--------+--------+-----+--------+

Top non-repeatable levels by time:
     D:2: 1786 daAuts
     D:1: 758 daAuts
     D:3: 279 daAuts
